 Dungeon Crawl Stone Soup version 0.23.2-40-g277498a (webtiles) character file.

Game seed: 1892887561621674968

6144 CrazyJ the Geomancer (level 10, -7/59 HPs)
             Began as a Gargoyle Earth Elementalist on Sept 9, 2019.
             Was a Believer of Vehumet.
             Mangled by an orc warrior
             ... wielding a +0 war axe
              (14 damage)
             ... on level 10 of the Dungeon.
             The game lasted 01:39:34 (10368 turns).

CrazyJ the Geomancer (Gargoyle Earth Elementalist) Turns: 10368, Time: 01:39:34

Health: -7/59      AC: 11    Str: 15      XL:     10   Next: 90%
Magic:  2/18       EV: 13    Int: 18      God:    Vehumet [**....]
Gold:   298        SH:  0    Dex:  9 (10) Spells: 8/23 levels left

rFire    . . .     SeeInvis +   c - +1 flail (crush)
rCold    . . .     Gourm    +   (no shield)
rNeg     + . .     Faith    .   q - +1 robe {MR+}
rPois    ∞         Spirit   .   (no helmet)
rElec    +         Reflect  .   l - scarf {repulsion}
rCorr    .         Harm     .   m - +0 pair of gloves
MR       +....                  (no boots)
Stlth    ++........             H - amulet of the gourmand
HPRegen  0.19/turn              J - ring of flight
MPRegen  0.16/turn              n - ring of see invisible

@: slowed, repel missiles, very slow
A: blink, deterioration 1, low mp 1, negative energy resistance 1, electricity
resistance, strong 1, unbreathing, petrification resistance, rot immunity, AC +7
a: Blink, Renounce Religion, Evoke Flight


You were on level 10 of the Dungeon.
You worshipped Vehumet.
Vehumet was pleased with you.
You were very full.

You visited 2 branches of the dungeon, and saw 11 of its levels.
You also visited: Ossuary.

You collected 599 gold pieces.
You spent 301 gold pieces at shops.

Inventory:

Hand Weapons
 c - a +1 flail of crushing (weapon)
 f - a +2 flail of protection
 g - a +0 spear of venom
 i - a +0 whip
 k - a +0 whip of electrocution
 G - a +0 shortbow
 K - a +0 hunting sling of freezing
 M - a +1 whip of flaming
Missiles
 b - 161 stones (quivered)
 p - 63 sling bullets
 r - 66 poisoned needles
 F - 4 tomahawks of returning
Armour
 a - the +2 cloak "Cumingynt" {rElec}
   (You bought it in a shop on level 5 of the Dungeon)

   It insulates you from electricity.
 l - a scarf of repulsion (worn)
 m - a +0 pair of gloves (worn)
 q - a +1 robe of magic resistance (worn)
 z - the +1 robe of the Elven Halls {+Blink rPois}
   (You found it on level 5 of the Dungeon)

   It protects you from poison.
   It lets you blink.
 L - a +0 buckler
 N - a +0 cloak
Magical Staves
 s - an uncursed staff of energy
 y - an uncursed staff of conjuration
Jewellery
 e - an uncursed amulet of guardian spirit
 n - a ring of see invisible (right hand)
 H - an amulet of the gourmand (around neck)
 J - a ring of flight (left hand)
Wands
 x - a wand of polymorph (9)
 A - a wand of iceblast (11)
Scrolls
 t - 3 scrolls of amnesia
 E - 2 scrolls of random uselessness
Potions
 j - a potion of cancellation
 v - a potion of lignification
 w - 2 potions of flight
 C - 2 potions of brilliance
 D - 2 potions of mutation
Comestibles
 d - 17 rations


   Skills:
 + Level 5.4 Fighting
 + Level 4.9 Maces & Flails
 + Level 1.6 Armour
 - Level 4.1 Dodging
 - Level 2.3 Stealth
 * Level 7.1 Spellcasting
 * Level 7.1 Conjurations
 + Level 3.3 Transmutations
 + Level 3.1 Fire Magic
 * Level 9.2 Earth Magic
 - Level 1.5 Evocations


You had 8 spell levels left.
You knew the following spells:

 Your Spells              Type           Power        Failure   Level  Hunger
a - Sandblast             Erth           #####.       1%          1    None
b - Passwall              Tmut/Erth      ####....     1%          2    None
c - Stone Arrow           Conj/Erth      #####.       1%          3    ##.....
d - Petrify               Tmut/Erth      ####....     9%          4    ####...
e - Magic Dart            Conj           ####         1%          1    None
f - Flame Tongue          Conj/Fire      ###..        1%          1    None
g - Dazzling Spray        Conj/Hex       ###...       8%          3    ##.....

Your spell library contained the following spells:

 Spells                   Type           Power        Failure   Level  Hunger
 Lee's Rapid Deconstruct  Erth           #####.....   7%          5    #####..
 Confusing Touch          Hex            #.....       11%         1    None
 Confuse                  Hex            #.......     32%         3    ##.....
 Gell's Gravitas          Tloc           #.........   32%         3    ##.....
 Yara's Violent Unravell  Hex/Tmut       ##........   83%         5    #####..
 Metabolic Englaciation   Hex/Ice        #.........   96%         5    #####..


Dungeon Overview and Level Annotations

Branches:
Dungeon (10/15)            Temple (1/1) D:4
   Lair: D:8-11         Orc: D:9-12

Altars:
Ashenzari
Cheibriados
Dithmenos
Elyvilon
Fedhas
Gozag
Hepliaklqana
Kikubaaqudgha
Makhleb
Nemelex Xobeh
Okawaru
Qazlal
Ru
Sif Muna
Trog
Uskayaw
Vehumet
Wu Jian
Xom
Yredelemnul
Zin
The Shining One

Shops:
D:5 :*([   D:8 }


Innate Abilities, Weirdness & Mutations

You are resistant to torment.
Your stone body is resilient. (AC +7)
You are immune to poison.
You resist negative energy. (rN+)
You are resistant to electric shocks. (rElec)
You can survive without breathing.
You are immune to petrification.
You are immune to rotting.
You can translocate small distances at will.
Your body sometimes deteriorates upon taking damage.
Your magical capacity is low. (-10% MP)
Your muscles are strong. (Str +2)


Message History

Okay, then.
You completely miss the orc warrior.
The orc warrior is heavily wounded.
The orc wizard hits you but does no damage.
The orc warrior closely misses you.
The orc wizard hits you but does no damage.
The orc warrior closely misses you.
Okay, then.
Okay, then.
You hit the orc warrior but do no damage.
The orc warrior is heavily wounded.
The orc wizard barely misses you. The orc hits you but does no damage.
The orc wizard closely misses you. The orc warrior barely misses you.
The orc wizard misses you.
You sock the orc warrior!
The orc warrior is severely wounded.
The orc wizard is no longer moving quickly.
The orc wizard hits you but does no damage.
The orc warrior hits you with a +0 war axe!
You die...

#..........#
#######+####
##+#######
#####........#
.
#o@o'........#
..
#o###........#
... ##o#
#.......>#
§... ##..#
#.>......#
....o #..##
#........#
....o.#.##
#........+
......).#
#........#
.o....###
#........#
####+#
######'###


You could see an orc warrior, 2 orc wizards and an orc.

Vanquished Creatures
  Erica (D:10)
  Pikel (D:4)
  Joseph (D:8)
  A troll (D:10)
  Grinder (D:4)
  Prince Ribbit (D:6)
  Sigmund (D:2)
  2 wraiths
  A spriggan (D:9)
  Menkaure (D:6)
  5 phantoms
  2 ice beasts (D:5)
  4 orc warriors
  A slave (D:3)
  A black bear (D:8)
  3 ogres
  A centaur (D:5)
  Blork the orc (D:5)
  2 gnoll sergeants
  4 bullfrogs
  A scorpion (D:6)
  4 wights (D:9)
  2 howler monkeys (D:7)
  A centaur zombie (D:5)
  4 crimson imps
  A quasit (D:10)
  6 hounds
  3 orc priests
  A centaur skeleton (D:6)
  Ijyb (D:5)
  5 iguanas
  Natasha (D:2)
  2 orc wizards (D:6)
  4 worker ants
  A big kobold zombie (Ossuary)
  2 hound skeletons
  A worker ant zombie (D:10)
  Robin (D:4)
  11 gnolls
  A howler monkey skeleton (D:8)
  10 adders
  A shadow imp (D:6)
  2 oozes (D:3)
  8 worms
  An adder skeleton (D:5)
  2 dart slugs
  7 leopard geckos
  34 orcs
  5 bats (D:1)
  5 giant cockroaches
  9 goblins
  10 hobgoblins
  12 jackals
  9 kobolds
  7 quokkas
  3 ball pythons
  8 frilled lizards
  2 jackal zombies (Ossuary)
  A kobold zombie (Ossuary)
  A quokka skeleton (D:4)
  9 rats
234 creatures vanquished.

Notes
Turn   | Place    | Note
-------+----------+-------------------------------------------
     0 | D:1      | CrazyJ the Gargoyle Earth Elementalist began the quest for
                  | the Orb.
     0 | D:1      | Reached XP level 1. HP: 10/10 MP: 3/3
   140 | D:1      | Reached XP level 2. HP: 15/15 MP: 3/5
   143 | D:1      | Reached skill level 4 in Earth Magic
   540 | D:1      | Learned a level 2 spell: Passwall
   547 | D:1      | Reached XP level 3. HP: 18/19 MP: 6/6
   573 | D:1      | Learned a level 3 spell: Stone Arrow
  1021 | D:2      | Found an iron altar of Okawaru.
  1021 | D:2      | Noticed Natasha
  1034 | D:2      | Killed Natasha
  1034 | D:2      | Reached skill level 1 in Transmutations
  1093 | D:2      | Reached XP level 4. HP: 24/24 MP: 5/7
  1102 | D:2      | Noticed Sigmund
  1120 | D:2      | Killed Sigmund
  1120 | D:2      | Reached skill level 1 in Fighting
  1120 | D:2      | Reached skill level 1 in Maces & Flails
  1120 | D:2      | Reached skill level 5 in Earth Magic
  1120 | D:2      | Reached XP level 5. HP: 12/30 MP: 3/9
  1372 | D:2      | Learned a level 4 spell: Petrify
  1379 | D:2      | Reached XP level 6. HP: 35/35 MP: 7/10
  1406 | D:2      | Found a hazy altar of Hepliaklqana.
  1761 | D:3      | Found a shadowy altar of Dithmenos.
  2470 | D:3      | You fall through a shaft for 3 floors!
  2489 | D:6      | Reached skill level 1 in Conjurations
  2575 | D:6      | Found a bloodstained altar of Trog.
  2576 | D:6      | Noticed a moth of wrath
  2738 | D:6      | Reached XP level 7. HP: 32/40 MP: 8/12
  2751 | D:5      | Entered Level 5 of the Dungeon
  2754 | D:5      | Noticed Ijyb
  2757 | D:5      | Found Woahoadd's Antique Weapon Boutique.
  2758 | D:5      | Got an ichor-stained robe
  2772 | D:5      | Killed Ijyb
  2781 | D:5      | Identified the +1 robe of the Elven Halls {+Blink rPois}
                  | (You found it on level 5 of the Dungeon)
  2855 | D:5      | Found a sparkling altar of Nemelex Xobeh.
  2947 | D:5      | Found Ohes's Assorted Antiques.
  3025 | D:5      | Found Notar's Book Shop.
  3171 | D:5      | Reached skill level 6 in Earth Magic
  3201 | D:5      | Found a snail-covered altar of Cheibriados.
  3262 | D:5      | Found a sand-covered staircase.
  3268 | Ossuary  | Entered an ossuary
  3603 | D:5      | Reached skill level 1 in Evocations
  3603 | D:5      | Reached XP level 8. HP: 21/45 MP: 7/14
  3607 | D:5      | Noticed Blork the orc
  3751 | D:4      | Noticed Grinder
  3757 | D:4      | Paralysed by Grinder for 6 turns
  3824 | D:4      | Noticed Robin
  3924 | D:5      | Killed Blork the orc
  4321 | D:4      | Noticed Pikel
  4859 | D:4      | Found a burning altar of Makhleb.
  4873 | D:4      | Killed Grinder
  5064 | D:4      | Killed Robin
  5185 | D:4      | Paralysed by Pikel for 5 turns
  5193 | D:4      | Killed Pikel
  5193 | D:4      | Reached skill level 5 in Spellcasting
  5193 | D:4      | Reached skill level 7 in Earth Magic
  5193 | D:4      | Reached XP level 9. HP: 36/52 MP: 1/16
  5338 | D:4      | Found a staircase to the Ecumenical Temple.
  5362 | Temple   | Entered the Ecumenical Temple
  5489 | Temple   | Became a worshipper of Vehumet
  5970 | D:5      | Found Piagg's Antique Armour Emporium.
  5973 | D:5      | Bought a shimmering cloak for 237 gold pieces
  5973 | D:5      | Identified the +2 cloak "Cumingynt" {rElec} (You bought it
                  | in a shop on level 5 of the Dungeon)
  6323 | D:6      | Noticed Prince Ribbit
  6343 | D:6      | Reached * piety under Vehumet
  6343 | D:6      | Offered knowledge of Magic Dart by Vehumet.
  6347 | D:6      | Learned a level 1 spell: Magic Dart
  6370 | D:6      | Killed Prince Ribbit
  6370 | D:6      | Reached skill level 5 in Conjurations
  6559 | D:6      | Noticed Menkaure
  6571 | D:6      | Killed Menkaure
  6571 | D:6      | Reached skill level 8 in Earth Magic
  6740 | D:5      | Bought a scroll of identify for 64 gold pieces
  6744 | D:5      | Gained mutation: Your magical capacity is low. (-10% MP)
                  | [potion of mutation]
  6744 | D:5      | Gained mutation: Your body sometimes deteriorates upon
                  | taking damage. [potion of mutation]
  6744 | D:5      | Gained mutation: Your muscles are strong. (Str +2) [potion
                  | of mutation]
  6744 | D:5      | Gained mutation: You can translocate small distances at
                  | will. [potion of mutation]
  7380 | D:8      | Offered knowledge of Flame Tongue by Vehumet.
  7383 | D:8      | Learned a level 1 spell: Flame Tongue
  7420 | D:8      | Reached ** piety under Vehumet
  7675 | D:8      | Found Etyt's Gadget Shoppe.
  7688 | D:8      | Reached skill level 1 in Fire Magic
  7728 | D:8      | Noticed Joseph
  7743 | D:8      | Reached XP level 10. HP: 32/58 MP: 3/17
  7752 | D:8      | Killed Joseph
  8370 | D:7      | Offered knowledge of Dazzling Spray by Vehumet.
  8506 | D:7      | Reached skill level 5 in Fighting
  8858 | D:8      | Noticed a two-headed ogre
  8952 | D:7      | Learned a level 3 spell: Dazzling Spray
  9421 | D:9      | Found a white marble altar of Elyvilon.
  9423 | D:9      | Found a shattered altar of Ashenzari.
 10077 | D:10     | Entered Level 10 of the Dungeon
 10081 | D:10     | Reached skill level 1 in Armour
 10329 | D:10     | Noticed Erica
 10333 | D:10     | Reached skill level 9 in Earth Magic
 10349 | D:10     | Killed Erica
 10368 | D:10     | Mangled by an orc warrior

Skill      XL: |  1  2  3  4  5  6  7  8  9 10 |
---------------+-------------------------------+-----
Earth Magic    | 4 5 6 7 8 9 |  9.2
Transmutations | 1 2 3 |  3.3
Fighting       | 1 2 3 4 5 |  5.4
Maces & Flails | 1 2 3 4 |  4.9
Dodging        | 2 3 4 |  4.1
Spellcasting   | 3 4 5 6 7 |  7.1
Conjurations   | 1 2 4 5 7 |  7.1
Evocations     | 1 |  1.5
Fire Magic     | 1 3 |  3.1
Armour         | 1 |  1.6
Stealth        | |  2.3

Action                   |  1- 3 |  4- 6 |  7- 9 | 10-12 || total
-------------------------+-------+-------+-------+-------++-------
Melee: Whip              |    31 |    99 |   126 |       ||   256
       Staff             |       |    11 |    17 |     7 ||    35
       Flail             |       |       |   122 |   117 ||   239
 Cast: Sandblast         |    28 |    34 |    81 |    35 ||   178
       Passwall          |       |     1 |       |       ||     1
       Stone Arrow       |       |       |    70 |    47 ||   117
       Flame Tongue      |       |       |     3 |     3 ||     6
       Magic Dart        |       |       |     2 |       ||     2
       Petrify           |       |       |       |     1 ||     1
  Use: Potion            |     2 |     2 |     6 |     5 ||    15
       Scroll            |       |     3 |     8 |    10 ||    21
 Stab: Sleeping          |     2 |       |     1 |     1 ||     4
  Eat: Chunk             |     1 |     5 |    21 |     9 ||    36
       Ration            |       |       |     3 |       ||     3
Armor: Robe              |    19 |    53 |   159 |    71 ||   302
Dodge: Dodged            |    47 |    75 |   253 |   141 ||   516
       Deflected         |       |       |     3 |       ||     3
